 Dungeon Crawl Stone Soup version 0.29.1-15-g9cfb28693d (webtiles) character file.

Game seed: 17617932530674436703

15 Heoruswealwe the Caller (level 2, 0/15 HPs)
             Began as a Deep Elf Summoner on Feb 28, 2023.
             Slain by an adder (4 damage)
             ... on level 2 of the Dungeon.
             The game lasted 00:12:11 (1596 turns).

Heoruswealwe the Caller (Deep Elf Summoner)         Turns: 1596, Time: 00:12:12

Health: 0/15       AC:  3    Str:  5    XL:     2   Next: 34%
Magic:  5/8        EV: 12    Int: 19    God:
Gold:   31         SH:  0    Dex: 15    Spells: 7/8 levels left

rFire   . . .      SeeInvis .   r - +0 short sword
rCold   . . .      Faith    .   (no shield)
rNeg    . . .      Spirit   .   a - +0 robe
rPois   .          Reflect  .   (no helmet)
rElec   .          Harm     .   (no cloak)
rCorr   .          Rampage  .   i - +0 pair of gloves
Will    .....      Rnd*Tele +   (no boots)
Stlth   ++........              (no amulet)
HPRegen 0.05/turn               (no ring)
MPRegen 0.11/turn               (no ring)

@: lethally poisoned (0 -> -1)
A: teleportitis 1
a: no special abilities


You were on level 2 of the Dungeon.
You visited 1 branch of the dungeon, and saw 2 of its levels.

You collected 31 gold pieces.

Inventory:

Hand Weapons
 c - a +0 dagger
 d - a +0 dagger
 g - a +0 flail
 l - a +0 club
 o - a +0 sling
 p - a +0 dagger of pain
 r - a +0 short sword (weapon)
Missiles
 f - 14 stones
Armour
 a - a +0 robe (worn)
 e - a +0 scale mail
 h - a +0 ring mail
 i - a +0 pair of gloves (worn)
 k - a +0 ring mail
Potions
 b - a potion of magic


   Skills:
 - Level 2.4 Dodging
 - Level 2.4 Stealth
 + Level 3.7 Spellcasting
 + Level 4.7 Summonings


You had 7 spell levels left.
You knew the following spells:

 Your Spells              Type           Power      Damage    Failure   Level
a - Summon Small Mammal   Summ           84%        N/A       1%          1

Your spell library contained the following spells:

 Spells                   Type           Power      Damage    Failure   Level
 Call Imp                 Summ           21%        N/A       3%          2
 Call Canine Familiar     Summ           21%        N/A       6%          3
 Summon Guardian Golem    Hex/Summ       12%        N/A       16%         3
 Summon Lightning Spire   Summ/Air       12%        N/A       47%         4


Dungeon Overview and Level Annotations

Branches:
Dungeon (2/15)

Altars:


Innate Abilities, Weirdness & Mutations

You are occasionally teleported next to monsters.


Message History

The rat dies!
Your quokka completely misses the adder.
Your quokka barely misses the ball python.
The ball python closely misses your quokka.
The ball python grabs your quokka. The ball python constricts your quokka.
The adder misses your quokka.
Your quokka closely misses the adder.
Your quokka misses the ball python. The ball python bites your quokka.
The ball python constricts your quokka. The adder bites your quokka.
Your quokka is poisoned.
The adder poisons your quokka!
Your quokka barely misses the adder.
Your quokka bites the ball python.
The ball python bites your quokka but does no damage.
The ball python constricts your quokka. The adder closely misses your quokka.
Your quokka bites the adder but does no damage.
Your quokka barely misses the ball python.
Your quokka dies!
Your quokka's corpse disappears in a puff of smoke!
The ball python bites your quokka. The ball python constricts your quokka.
Your quokka bites the ball python.
The adder bites you but does no damage.
The ball python barely misses your quokka.
The ball python constricts your quokka.
Your quokka dies!
Your quokka's corpse disappears in a puff of smoke!
You closely miss the adder. The adder misses you.
You hit the ball python.
You kill the ball python!
The adder barely misses you. The adder bites you.
You are poisoned.
The adder poisons you!
You barely miss the adder.
You feel sick. The adder bites you but does no damage.
You barely miss the adder.
You feel sick. The adder closely misses you.
The adder bites you but does no damage.
You miss the adder.
You feel sick. The adder bites you.
You barely miss the adder.
You feel sick. The adder bites you but does no damage.
You closely miss the adder.
You feel sick. The adder bites you.
* * * LOW HITPOINT WARNING * * *
The adder bites you.
You die...

#.....# #.# #.....#
#.# #.....###.#
#.......#.#
#.....#.#.#
#######.#†#######.
#########...........
#........###S.######
#...........@.......
#........##.....####
#........##.##..#
#........##.# .....
#.........<.# #.###
#........##.# .#
####...####.# .#
#...# #.# ##### #.#


You could see an adder.

Vanquished Creatures
  A ball python (D:2)
  A goblin (D:2)
  A bat (D:2)
3 creatures vanquished.

Vanquished Creatures (collateral kills)
  An endoplasm (D:1)
  A hobgoblin (D:1)
  A kobold (D:1)
  5 ball pythons (D:1)
  3 frilled lizards (D:1)
  A rat (D:2)
12 creatures vanquished.

Grand Total: 15 creatures vanquished

Notes
Turn   | Place    | Note
-------+----------+-------------------------------------------
     0 | D:1      | Heoruswealwe the Deep Elf Summoner began the quest for the
                  | Orb.
     0 | D:1      | Reached XP level 1. HP: 10/10 MP: 6/6
   737 | D:1      | Reached XP level 2. HP: 15/15 MP: 5/8
  1444 | D:1      | Gained mutation: You are occasionally teleported next to
                  | monsters. [potion of mutation]
  1596 | D:2      | Slain by an adder

Illustrated notes

Levels and vault maps discovered:
D:1:      giann_wishing_wells, layout_basic, hangedman_decor_growths
D:2:      layout_basic, minmay_tall_x

Action                   || total
-------------------------++-------
Melee: Dagger            ||     1
       Short sword       ||    10
 Cast: Summon Small Mamm ||    25
  Use: Potion            ||     5
       Scroll            ||     1
 Stab: Sleeping          ||     1
Armor: Robe              ||     7
Dodge: Dodged            ||    13
